Map: Orbital Shipyard

Players

AmnesiA

  • Race: Protoss Protoss
  • League: Diamond

TTS - Winner!

  • Race: Protoss Protoss
  • League: Platinum

VOD

Have the link to the VOD?

Description

Time

  • Played on: Feb. 24, 2016, 1:01 a.m.
  • Length: 5:57
Show
View Real Time Build Order
Export as new Build Order

AmnesiA Protoss 

Build Orders: 1 Gate Expand 

Get SALT Encoding   

  12  0:00  Probe (Chrono Boost)  
  13  0:11  Probe (Chrono Boost)  
  14  0:22  Probe (Chrono Boost)  
  14  0:23  Pylon  
  15  0:41  Probe (Chrono Boost)  
  16  0:43  Gateway  
  16  0:48  Assimilator  
  16  0:52  Probe (Chrono Boost)  
  17  1:02  Probe (Chrono Boost)  
  18  1:13  Probe (Chrono Boost)  
  19  1:32  Probe (Chrono Boost)  
  20  1:40  Nexus  
  20  2:04  Cybernetics Core  
  18  2:57  Mothership Core (Chrono Boost)  
  20  3:06  Assimilator  
  20  3:24  Stalker (Chrono Boost)  
  20  3:26  Probe  
  23  3:41  Pylon  
  23  3:59  Probe, Stalker (Chrono Boost)  
  26  4:23  Probe  
  26  4:24  Gateway  
  27  4:25  Gateway  
  27  4:26  Pylon  
  27  4:27  Gateway  
  25  4:35  Probe  
  26  4:43  Pylon  
  26  4:57  Stalker (Chrono Boost)  
  26  5:19  Stalker x3 (Chrono Boost)  
  32  5:25  Stalker (Chrono Boost)  
  33  5:32  Pylon  
  33  5:34  Pylon  
Show
View Real Time Build Order
Export as new Build Order

TTS Protoss - Winner!

Build Orders:  

Get SALT Encoding   

  12  0:03  Probe (Chrono Boost)  
  13  0:13  Pylon  
  13  0:18  Probe (Chrono Boost)  
  15  0:28  Probe (Chrono Boost)  
  15  0:39  Probe (Chrono Boost)  
  16  0:46  Forge  
  16  0:49  Probe (Chrono Boost)  
  17  1:00  Probe (Chrono Boost)  
  18  1:10  Probe (Chrono Boost)  
  19  1:12  Pylon  
  19  1:13  Pylon  
  19  1:15  Pylon  
  19  1:31  Photon Cannon  
  19  1:32  Photon Cannon  
  19  1:38  Probe (Chrono Boost)  
  20  1:48  Probe (Chrono Boost)  
  20  1:59  Gateway  
  20  2:00  Probe (Chrono Boost)  
  21  2:06  Assimilator x2  
  21  2:11  Probe (Chrono Boost)  
  22  2:28  Probe (Chrono Boost)  
  23  2:36  Gateway  
  23  2:38  Probe (Chrono Boost)  
  24  2:47  Cybernetics Core  
  24  2:49  Probe (Chrono Boost)  
  25  2:57  Pylon  
  25  3:00  Probe (Chrono Boost)  
  26  3:10  Protoss Ground Weapons Level 1  
  26  3:20  Gateway  
  26  3:23  Warp Gate (Chrono Boost)  
  26  3:25  Stalker x2  
  29  3:51  Gateway  
  29  3:55  Stalker x2  
  33  4:01  Pylon  
  33  4:05  Pylon  
  33  4:07  Pylon  
  32  4:51  Gateway  
  28  5:14  Stalker x4  
  36  5:37  Stalker x2  
  36  5:38  Stalker x2  
Tags
 
Add a new tag
Caveats
  • Supply blocks, unpowered buildings, or Contaminate may cause inaccurate times.
  • Supply counts are checked every 10 seconds.